AoeStats
← facundomurga1

Arabia

511051411Analyzed
1v1 RM · 3h ago on Oct 3, 2026· 38m 34s· 2 players
Game mode
Random Map
Map size
Tiny (2 player)
Population
200
Speed
Normal
Resources
Standard
Victory
Conquest
Starting age
Dark Age
Ending age
Imperial Age
RankedLock teamsTeams togetherTeam positionsShared explorationLock speedFull tech treeHidden civsTurbo modeCheats
Victory
Defeat
🇦🇷 Ethiopians · Argentina
1244
+15
🇲🇽 Lithuanians · Mexico
1220
-15
pablo-1994
6:16 Loom
9:38 Feudal Age
10:09 Double-Bit Axe
10:18 Horse Collar
21:41 Castle Age
20:01 Padded Archer Armor
21:12 Scale Barding Armor
21:51 Bloodlines
25:57 Chain Barding Armor
29:19 Husbandry
37:35 Imperial Age
35:20 Fletching
35:53 Squires
35:18 Pikeman
35:30 Elite Skirmisher
38:07 Bodkin Arrow
38:10 Halberdier
facundomurga1
5:47 Loom
8:45 Feudal Age
9:25 Double-Bit Axe
14:08 Fletching
21:26 Castle Age
19:43 Padded Archer Armor
21:43 Crossbowman
22:22 Bodkin Arrow
26:56 Gold Mining
29:56 Forging
30:18 Town Watch
31:13 Wheelbarrow
31:21 Wheelbarrow
34:15 Imperial Age
33:09 Leather Archer Armor
33:42 Iron Casting
35:02 Bracer
Connection lost

Rejoining the realm…

Still unreachable

The connection could not be restored.

Session expired

The server has moved on; the page needs a fresh start.